 Dungeon Crawl Stone Soup version 0.32-a0-350-g4f4d228785 (webtiles) character file.

Game seed: 10410131051465686664

28317 jestert79 the Green Death (level 13, -2/98 HPs)
             Began as a Demonspawn Reaver on Feb 17, 2024.
             Was a High Priest of Fedhas.
             Killed by an exploding ballistomycete spore (22 damage)
             ... on level 5 of the Lair of Beasts.
             The game lasted 01:36:00 (17261 turns).

jestert79 the Green Death (Demonspawn Reaver)      Turns: 17261, Time: 01:36:01

Health: -2/98      AC: 13    Str: 13    XL:     13   Next: 9%
Magic:  2/22       EV: 20    Int: 15    God:    Fedhas [*****.]
Gold:   1318       SH:  0    Dex: 15    Spells: 9/20 levels left

rFire   + + .        b - staff of alchemy
rCold   . . .        (no shield)
rNeg    . . .        O - +0 steam dragon scales
rPois   +            (helmet unavailable)
rElec   .            e - +1 cloak
rCorr   .            j - +0 pair of gloves
SInv    .            G - +0 pair of boots
Will    .....        (no amulet)
Stlth   +            t - +5 ring of evasion
HPRegen 0.36/turn    C - ring of protection from fire
MPRegen 0.18/turn

%: no passive effects
@: confused
A: horns 3, molten scales 3, foul stench 2, condensation shield
a: Renounce Religion, Wall of Briars, Grow Ballistomycete, Overgrow, Grow Oklob


You were on level 5 of the Lair of Beasts.
You worshipped Fedhas.
Fedhas was extremely pleased with you.
You visited 2 branches of the dungeon, and saw 14 of its levels.
You also visited: Bailey.

You collected 1318 gold pieces.

Inventory:

Hand Weapons
 a - a +2 falchion of electrocution
 d - a +1 dagger of venom
 g - a +0 falchion of flaming
Missiles
 f - 19 poisoned darts
 o - 91 stones
 B - a throwing net
 Q - 2 curare-tipped darts (quivered)
Armour
 e - a +1 cloak (worn)
 j - a +0 pair of gloves (worn)
 G - a +0 pair of boots (worn)
 H - a +2 hat
 O - +0 steam dragon scales (worn)
Magical Staves
 b - a staff of alchemy (weapon)
Jewellery
 r - a ring of fire
 t - a +5 ring of evasion (left hand)
 C - a ring of protection from fire (right hand)
 I - a ring of flight
 M - a ring of ice
Wands
 D - a wand of digging (3)
 F - a wand of roots (9)
 J - a wand of mindburst (5)
 P - a wand of paralysis (4)
Scrolls
 m - 3 scrolls of silence
 n - 2 scrolls of fog
 s - 2 scrolls of torment
 x - a scroll of amnesia
 y - 3 scrolls of vulnerability
 E - 4 scrolls of identify
 L - a scroll of enchant weapon
Potions
 c - 2 potions of lignification
 h - 3 potions of brilliance
 i - a potion of mutation
 k - 3 potions of haste
 l - a potion of might
 p - a potion of resistance
 w - a potion of attraction
 K - 9 potions of enlightenment


   Skills:
 + Level 8.1 Fighting
 - Level 9.0 Long Blades
 + Level 7.0 Dodging
 - Level 4.0 Spellcasting
 - Level 7.0 Conjurations
 - Level 2.2 Translocations
 + Level 8.9 Fire Magic
 - Level 8.0 Alchemy
 + Level 12.3 Invocations


You had 9 spell levels left.
You knew the following spells:

 Your Spells              Type           Power      Damage    Failure   Level
a - Kiss of Death         Conj/Necr      52%        2d9       4%          1
b - Momentum Strike       Conj/Tloc      32%        3d8       4%          2
c - Sticky Flame          Fire/Alch      42%        2d8       5%          4
d - Flame Wave            Conj/Fire      26%        2d8       7%          4

Your spell library contained the following spells:

 Spells                   Type           Power      Damage    Failure   Level
 Inner Flame              Hex/Fire       16%        N/A       9%          3
 Hailstorm                Conj/Ice       13%        3d6       13%         3
 Stone Arrow              Conj/Erth      26%        3d8       13%         3
 Call Imp                 Summ           6%         N/A       26%         2
 Sublimation of Blood     Necr           3%         N/A       26%         2
 Confusing Touch          Hex            3%         N/A       47%         3
 Passage of Golubria      Tloc           9%         N/A       56%         4
 Anguish                  Hex/Necr       1%         N/A       87%         4
 Animate Armour           Summ/Erth      6%         N/A       87%         4
 Cause Fear               Hex            1%         N/A       87%         4
 Dispel Undead            Necr           3%         3d7       87%         4
 Silence                  Hex/Air        1%         N/A       99%         5
 Enfeeble                 Hex            1%         N/A       100%        7
 Summon Hydra             Summ           1%         N/A       100%        7
 Lehudib's Crystal Spear  Conj/Erth      6%         10d3      100%        8


Dungeon Overview and Level Annotations

Branches:
Dungeon (10/15)            Temple (0/1) D:4            Lair (3/5) D:8
  Swamp (0/4) Lair:3       Bailey (visited)
  Snake: Lair:2-3    Spider: Lair:2-3       Orc: D:9-12

Altars:
Cheibriados
Fedhas
Gozag
Makhleb
Okawaru
Qazlal
Sif Muna
Uskayaw
Vehumet
Xom

Shops:
D:5 (

Annotations:
D:7 2 transporters, jamsaran's ghost, novice DgFE
D:8 2 transporters, jasper's ghost, novice MDFi
Lair:2 1 runed translucent door, exclusion: door


Innate Abilities, Weirdness & Mutations

You have a pair of large horns on your head.
You are completely covered in molten scales. (AC +4, rF+)
You sometimes emit foul miasma when damaged in melee.
A meltable shield of frost defends you. (SH +0)


Message History

The torpor snail dies!
Fedhas appreciates your contribution to the ecosystem.
Unknown command.
Unknown command.
You feel yourself speed up.
Your ballistomycete spore is no longer moving slowly.
You feel yourself slow down.
A ballistomycete spore is nearby!
Your ballistomycete spore explodes!
Fedhas protects your plant from harm.
You hear a bellow! x2
Your ballistomycete looks more healthy.
The water moccasin barely misses you.
Casting: Sticky Flame (dangerous; 5% risk of failure)
Confirm with . or Enter, or press ? or * to list all spells.
Aiming: Sticky Flame (dangerous; 5% risk of failure)
Press: ? - help, Shift-Dir - straight line, f - water moccasin
Aim: a water moccasin You feel a surge of power!
The sticky flame hits the water moccasin!
The water moccasin is moderately wounded.
The water moccasin burns!
The water moccasin misses you.
Unknown command.
You barely miss the water moccasin.
The water moccasin is severely wounded.
The water moccasin burns!
The water moccasin closely misses you.
Your oklob plant spits acid at the water moccasin.
The splash of acid misses the water moccasin.
A ballistomycete spore comes into view.
The water moccasin barely misses you.
Your oklob plant spits acid at the water moccasin.
The splash of acid hits the water moccasin!!
The water moccasin dies!
Fedhas appreciates your contribution to the ecosystem.
Unknown command.
Your ballistomycete spore explodes!
The explosion of spores engulfs you!!
You are confused.
You die...
Fedhas appreciates your contribution to the ecosystem.

# ...# # ...#
#### ...#
##.P#####..#
###...#...P.P#
#.......#†...#
#....#.....#
#P....w#††P#
##..#.###@..#
#...#...##.##
#P..#...[###
#...#...#####
##..#F###P..##
#......#....#
#....#.....#.#
#.#F....#.S.##
###...#......#


You could see a friendly oklob plant (summoned) and a friendly ballistomycete
(summoned).

Vanquished Creatures
  A boulder beetle (Lair:2)
  A two-headed ogre (D:10)
  Sonja (Lair:2)
  A skyshark (Lair:1)
  Nergalle (Lair:1)
  A swamp dragon (Lair:3)
  An orc knight (Bailey)
  2 lindwurms
  A wolf spider (Lair:5)
  A manticore (Lair:5)
  5 black mambas
  7 elephants
  Maggie (Lair:1)
  8 cane toads
  4 komodo dragons
  7 rime drakes
  A kobold demonologist (D:7)
  A troll (D:9)
  A hornet (Lair:3)
  A polar bear (Lair:2)
  8 blink frogs
  A shadow (D:10)
  4 basilisks
  17 yaks
  Eustachio (D:6)
  2 steam dragons (D:8)
  4 vampire mosquitoes (D:10)
  Menkaure (D:6)
  9 water moccasins
  Duvessa (D:7)
  11 orc warriors
  A black bear (D:6)
  3 ice beasts
  4 wolves (Lair:1)
  2 centaurs (D:9)
  A phantom (D:4)
  A kobold brigand (D:8)
  7 bullfrogs
  2 scorpions
  5 wights (D:8)
  Dowan (D:7)
  3 electric eels
  A crimson imp (D:4)
  A hound (D:5)
  2 bombardier beetles
  5 orc priests
  3 gnoll boudas
  A jelly (D:8)
  3 iguanas
  Ijyb (D:3)
  15 orc wizards
  8 adders
  16 gnolls
  2 ufetubi (D:4)
  2 dart slugs
  2 ribbon worms
  54 orcs
  7 bats
  10 endoplasms
  6 hobgoblins
  2 jackals (D:4)
  24 kobolds
  4 quokkas
  7 ball pythons
  2 frilled lizards
  14 goblins
  8 rats
  2 ballistomycete spores
338 creatures vanquished.

Vanquished Creatures (collateral kills)
  A torpor snail (Lair:5)
  An elephant (Lair:3)
  A cane toad (Lair:5)
  A rime drake (Lair:3)
  A wyvern (Lair:5)
  A water moccasin (Lair:5)
  A wolf (Lair:1)
  An orc wizard (D:7)
  An orc (D:7)
  31 ballistomycete spores
40 creatures vanquished.

Vanquished Creatures (others)
  An oklob plant (Lair:5)
  A wyvern (Lair:5)
  An orc (D:8)
  A kobold (D:8)
  2 ballistomycete spores
6 creatures vanquished.

Grand Total: 384 creatures vanquished

Notes
Turn   | Place    | Note
-------+----------+-------------------------------------------
     0 | D:1      | jestert79 the Demonspawn Reaver began the quest for the
                  | Orb.
     0 | D:1      | Reached XP level 1. HP: 16/16 MP: 3/3
    70 | D:1      | Found a faded altar of an unknown god.
   110 | D:1      | Prayed at the altar of an unknown god.
   110 | D:1      | Became a worshipper of Fedhas Madash
   110 | D:1      | Reached * piety under Fedhas
   228 | D:1      | Gained mutation: You may rarely emit foul miasma when
                  | damaged in melee. [demonic ancestry]
   228 | D:1      | Reached XP level 2. HP: 22/22 MP: 5/5
   853 | D:2      | Gained mutation: You have a pair of small horns on your
                  | head. [demonic ancestry]
   853 | D:2      | Reached XP level 3. HP: 27/27 MP: 6/6
  1003 | D:2      | Reached ** piety under Fedhas
  1121 | D:2      | Found a snail-covered altar of Cheibriados.
  1333 | D:2      | Learned a level 2 spell: Momentum Strike
  1386 | D:2      | Gained mutation: You are partially covered in molten
                  | scales. (AC +2) [demonic ancestry]
  1386 | D:2      | Reached XP level 4. HP: 33/33 MP: 7/7
  2159 | D:3      | Noticed Ijyb
  2330 | D:3      | Reached skill level 1 in Translocations
  2529 | D:3      | Reached XP level 5. HP: 38/38 MP: 8/8
  2557 | D:3      | Killed Ijyb
  2813 | D:4      | Noticed a phantom
  2823 | D:4      | Killed a phantom
  2823 | D:4      | Reached *** piety under Fedhas
  2949 | D:4      | Reached skill level 5 in Long Blades
  3045 | D:3      | Gained mutation: You sometimes emit foul miasma when
                  | damaged in melee. [demonic ancestry]
  3045 | D:3      | Reached XP level 6. HP: 39/44 MP: 9/9
  3479 | D:4      | Found a staircase to the Ecumenical Temple.
  3561 | D:4      | Found a radiant altar of Vehumet.
  3688 | D:4      | Found an opulent altar of Gozag.
  3961 | D:4      | Gained mutation: You are mostly covered in molten scales.
                  | (AC +3) [demonic ancestry]
  3961 | D:4      | Reached XP level 7. HP: 17/52 MP: 10/10
  4240 | D:4      | Found a shimmering altar of Xom.
  4240 | D:4      | Found a burning altar of Makhleb.
  4754 | D:4      | Found an iron altar of Okawaru.
  4962 | D:5      | Entered Level 5 of the Dungeon
  5044 | D:5      | Reached skill level 1 in Invocations
  5166 | D:5      | Reached **** piety under Fedhas
  5498 | D:5      | Found Rit Lodu's Weapon Shop.
  5513 | D:5      | Reached skill level 2 in Invocations
  5571 | D:5      | Found a stormy altar of Qazlal.
  6135 | D:6      | Noticed Menkaure
  6157 | D:6      | Killed Menkaure
  6158 | D:6      | Gained mutation: A meltable shield of frost defends you.
                  | (SH +0) [demonic ancestry]
  6158 | D:6      | Reached XP level 8. HP: 6/60 MP: 9/11
  6367 | D:6      | Reached skill level 3 in Invocations
  6416 | D:6      | Learned a level 4 spell: Sticky Flame
  6551 | D:6      | Reached skill level 1 in Alchemy
  6649 | D:5      | Reached skill level 1 in Fire Magic
  6649 | D:5      | Reached skill level 4 in Invocations
  7014 | D:6      | Reached skill level 5 in Invocations
  7111 | D:6      | Noticed Eustachio
  7126 | D:6      | Killed Eustachio
  7127 | D:6      | Gained mutation: You are completely covered in molten
                  | scales. (AC +4, rF+) [demonic ancestry]
  7127 | D:6      | Reached XP level 9. HP: 65/65 MP: 12/14
  7247 | D:7      | Noticed a manticore
  7247 | D:7      | Noticed jamsaran's ghost (novice DgFE)
  7263 | D:7      | Noticed a kobold demonologist
  7377 | D:7      | Killed a kobold demonologist
  7473 | D:7      | Reached skill level 6 in Invocations
  7623 | D:7      | Noticed Duvessa
  7701 | D:7      | Found a hide-covered altar of Uskayaw.
  7903 | D:7      | Found a transporter.
  7922 | D:7      | Found a transporter.
  8034 | D:7      | Noticed Dowan
  8037 | D:7      | Killed Duvessa
  8043 | D:7      | Killed Dowan
  8177 | D:8      | Found a blossoming altar of Fedhas.
  8247 | D:8      | Noticed a moth of wrath
  8253 | D:8      | Found a transporter.
  8267 | D:8      | Noticed jasper's ghost (novice MDFi)
  8279 | D:8      | Found a transporter.
  8505 | D:8      | Reached skill level 5 in Alchemy
  8690 | D:8      | Reached skill level 7 in Invocations
  8717 | D:8      | Found a staircase to the Lair.
  8739 | D:8      | Reached skill level 5 in Fire Magic
  8761 | D:8      | Reached XP level 10. HP: 59/71 MP: 16/16
  8977 | D:8      | Reached skill level 8 in Invocations
  9032 | D:8      | Found a shimmering blue altar of Sif Muna.
  9518 | D:8      | Noticed an oklob plant
  9982 | D:9      | Reached ***** piety under Fedhas
 10732 | D:10     | Entered Level 10 of the Dungeon
 10835 | D:10     | Found a flagged portal.
 10871 | Bailey   | Entered a bailey
 11011 | Bailey   | Noticed an orc knight
 11078 | Bailey   | Killed an orc knight
 11587 | D:10     | Noticed a two-headed ogre
 11592 | D:10     | Killed a two-headed ogre
 11593 | D:10     | Reached skill level 9 in Invocations
 11593 | D:10     | Reached XP level 11. HP: 43/78 MP: 12/17
 12152 | D:10     | Noticed a four-headed hydra
 12401 | Lair:1   | Entered Level 1 of the Lair of Beasts
 12529 | Lair:1   | Noticed a skyshark
 12540 | Lair:1   | Killed a skyshark
 12541 | Lair:1   | Reached skill level 5 in Fighting
 12830 | Lair:1   | Learned a level 4 spell: Flame Wave
 13100 | Lair:1   | Noticed Maggie
 13104 | Lair:1   | Noticed Nergalle
 13114 | Lair:1   | Killed Nergalle
 13115 | Lair:1   | Killed Maggie
 13118 | Lair:1   | Reached skill level 10 in Invocations
 13511 | Lair:1   | Reached skill level 5 in Dodging
 13514 | Lair:1   | Reached skill level 5 in Conjurations
 13671 | Lair:1   | Gained mutation: You have a pair of horns on your head.
                  | [demonic ancestry]
 13671 | Lair:1   | Reached XP level 12. HP: 74/88 MP: 4/19
 14883 | Lair:2   | Noticed a boulder beetle
 14922 | Lair:2   | Killed a boulder beetle
 15314 | Lair:2   | Noticed Sonja
 15317 | Lair:2   | Killed Sonja
 15318 | Lair:2   | Reached skill level 11 in Invocations
 15981 | Lair:2   | Found a runed translucent door.
 16016 | Lair:2   | Noticed a dire elephant
 16416 | Lair:3   | Found a staircase to the Swamp.
 17189 | Lair:3   | You fall into a shaft and drop 2 floors!
 17189 | Lair:5   | Entered Level 5 of the Lair of Beasts
 17196 | Lair:5   | Noticed a death yak
 17197 | Lair:5   | Noticed a death yak
 17198 | Lair:5   | Noticed a death yak
 17202 | Lair:5   | Reached skill level 12 in Invocations
 17206 | Lair:5   | Noticed a catoblepas
 17239 | Lair:5   | Gained mutation: You have a pair of large horns on your
                  | head. [demonic ancestry]
 17239 | Lair:5   | Reached XP level 13. HP: 7/98 MP: 22/22
 17261 | Lair:5   | Killed by an exploding ballistomycete spore

Illustrated notes

Levels and vault maps discovered:
D:1:      minmay_arrival_hallway, layout_basic, ebering_ecumenical_altar_mist,
          minmay_pentomino_o4
D:2:      layout_basic, basic_altar, serial_bayou, serial_bayou_lagoon_b,
          serial_bayou_pond_d, serial_bayou_lagoon_a, serial_bayou_crossing,
          hangedman_decor_opposing
D:3:      layout_rooms, minivault_14, minmay_misc_feat_plants, uniq_ijyb
D:4:      layout_gridville, grunt_temple_overflow_champion_of_chaos,
          kennysheep_little_box, nicolae_gozag_seed_capital,
          kennysheep_okawaru_gauntlet, minmay_temple_entry_glass,
          kennysheep_generic_room_3
D:5:      layout_rooms, mainiacjoe_overflow_tiny_flanked, serial_shops,
          nicolae_shop_tiny_statue_garden
D:6:      layout_loops_ring, uniq_eustachio, uniq_menkaure
D:7:      layout_rooms, nicolae_uskayaw_dance_hall, gammafunk_ghost_arena,
          uniq_duvessa
D:8:      layout_loops_ring, tgw_fedhas, marbit_many_paths, dpeg_lair_monsters,
          gammafunk_ghost_berserking_beasts, bh_walls_and_bars
D:9:      layout_basic
D:10:     layout_small_grid, erik_orc_1, enter_bailey_4
Lair:1:   layout_gridlike, grunt_megastairs_1, lemuel_fruit_tree,
          serial_bayou_shore_a, uniq_maggie, uniq_nergalle
Lair:2:   gammafunk_lair_enchanted_lake, layout_cave_pods,
          minmay_stone_trees_medium, uniq_sonja
Lair:3:   layout_cave_pods, mainiacjoe_swamp_entry_lozenge_pond,
          guppyfry_snake_entry_garden, hibernation_bobbens, grunt_megastairs_4
Lair:5:   hangedman_lair_in_review, layout_cave_shapes,
          hangedman_lair_tendril_chambers, minmay_slime_entry_oklob_open,
          gammafunk_ghost_hydra_chop

Skill      XL: |  1  2  3  4  5  6  7  8  9 10 11 12 13 |
---------------+----------------------------------------+-----
Long Blades    | 3 4 5 6 7 9 |  9.0
Translocations | 1 2 |  2.2
Conjurations   | 4 5 7 |  7.0
Fighting       | 3 4 6 7 8 |  8.1
Dodging        | 2 3 5 6 7 |  7.0
Invocations    | 2 5 7 9 10 12 | 12.3
Alchemy        | 2 5 8 |  8.0
Fire Magic     | 2 5 7 8 |  8.9
Spellcasting   | 3 4 |  4.0

Action                     |  1- 3 |  4- 6 |  7- 9 | 10-12 | 13-15 || total
---------------------------+-------+-------+-------+-------+-------++-------
  Melee: Falchion          |    79 |   207 |   274 |   306 |       ||   866
         Headbutt          |     9 |    30 |    50 |    97 |     1 ||   187
         Unarmed           |       |     3 |       |       |       ||     3
         Staff             |       |       |       |   118 |     3 ||   121
  Throw: Stone             |       |     3 |       |       |       ||     3
         Dart              |       |       |       |    32 |       ||    32
   Cast: Momentum Strike   |       |     8 |    25 |    25 |       ||    58
         Sticky Flame      |       |       |       |    77 |     6 ||    83
         Flame Wave        |       |       |       |     3 |       ||     3
 Invoke: Grow Ballistomyce |       |       |     2 |     7 |       ||     9
         Wall of Briars    |       |       |     2 |     4 |       ||     6
         Grow Oklob        |       |       |       |     1 |       ||     1
  Evoke: Wand              |       |     3 |    11 |    14 |       ||    28
    Use: Scroll            |       |    11 |     6 |    11 |       ||    28
         Potion            |       |       |     5 |     4 |     1 ||    10
   Stab: Sleeping          |     2 |     1 |       |       |       ||     3
         Paralysed         |       |     1 |     7 |       |       ||     8
 Armour: Leather armour    |    46 |   162 |   145 |   155 |       ||   508
         Skin              |       |       |    12 |       |       ||    12
         Steam dragon scal |       |       |       |   117 |     3 ||   120
  Dodge: Dodged            |    31 |   145 |   170 |   421 |     6 ||   773
  Block: Other             |       |       |    16 |    64 |       ||    80

Table legend: (Time is in decaauts)
 A = Elapsed time spent in this place.
 B = Non-inter-level travel time spent in this place.
 C = Inter-level travel time spent in this place.
 D = Time resting spent in this place.
 E = Time spent auto-exploring this place.
 F = Levels seen in this place.
 G = Mean time per level.
                   A        B        C        D        E       F      G
               +--------+--------+--------+--------+--------+-----+--------+
         Total |  17425 |  16301 |   1124 |   4682 |   5027 |  15 | 1161.7 |
       Dungeon |  11847 |  10865 |    982 |   2744 |   3764 |  10 | 1184.7 |
          Lair |   4930 |   4788 |    142 |   1840 |   1187 |   4 | 1232.5 |
        Bailey |    648 |    648 |      0 |     98 |     75 |   1 |  648.0 |
               +--------+--------+--------+--------+--------+-----+--------+

Top non-repeatable levels by time:
  Lair:2: 2084 daAuts
     D:4: 1971 daAuts
  Lair:1: 1929 daAuts
     D:8: 1650 daAuts
     D:2: 1478 daAuts
     D:6: 1437 daAuts
     D:9: 1087 daAuts
     D:3: 1018 daAuts
     D:5: 892 daAuts
  Lair:3: 843 daAuts
    D:10: 836 daAuts
     D:1: 804 daAuts
     D:7: 669 daAuts
  Bailey: 648 daAuts
  Lair:5: 73 daAuts
